[Event "Titled Tuesday Blitz May 25 2021"]
[White "The_filthy"]
[Black "Dowgird, Filip"]
[BlackFideId "1121235"]
[WhiteElo "2423"]
[BlackElo "2209"]
[Result "0-1"]
[Round "04"]
[TimeControl "180+1"]
[Date "2021.05.25"]
[WhiteClock "0:00:11"]
[BlackClock "0:00:31"]

1. e4 d6 2. d4 Nf6 3. Nc3 c6 4. Be3 Qb6 5. a3 Ng4 6. Bc1 e5 7. Nf3 Nd7 8. h3 Ngf6 9. Bc4 Be7 10. O-O O-O 11. Be3 Qc7 12. Ba2 b5 13. d5 Bb7 14. Nh4 g6 15. Qf3 cxd5 16. exd5 Nh5 17. Nf5 gxf5 18. Qxh5 f4 19. Bd2 a6 20. Rac1 Nf6 21. Qh6 Kh8 22. Rfe1 Rg8 23. Ne4 Rg6 0-1


[Site "https://www.chess.com"]

[Event "Titled Tuesday Blitz May 25 2021"]
[White "Timofeev, Artyom"]
[Black "Von Buelow, Georg"]
[WhiteFideId "4140419"]
[BlackFideId "4620658"]
[WhiteElo "2582"]
[BlackElo "2223"]
[Result "1-0"]
[Round "04"]
[TimeControl "180+1"]
[Date "2021.05.25"]
[WhiteClock "0:00:42"]
[BlackClock "0:00:02"]

1. c4 g6 2. Nc3 Bg7 3. g3 Nf6 4. Bg2 O-O 5. d3 d6 6. Nf3 e5 7. O-O Nc6 8. Rb1 a5 9. b3 h6 10. Bb2 Re8 11. Nd2 Bg4 12. h3 Be6 13. Nd5 Ne7 14. e4 c6 15. Nxf6+ Bxf6 16. Nf3 Qd7 17. Kh2 Bg7 18. d4 Qc7 19. Rc1 Rad8 20. Re1 Bc8 21. Qd2 Kh7 22. Bc3 b6 23. Qb2 Ng8 24. Rcd1 f6 25. Qa3 h5 26. c5 dxc5 27. dxc5 Bf8 28. cxb6 Qxb6 29. Qxa5 Bc5 30. Qxb6 Bxb6 31. Kg1 Be6 32. Bf1 Kg7 33. Nd2 Kf7 34. Nc4 Bc7 35. Ba5 Bxa5 36. Nxa5 Rc8 37. Nb7 Rc7 38. Nd6+ Ke7 39. Nxe8 Kxe8 40. Rc1 Ke7 41. Bc4 Bxc4 42. Rxc4 Ke6 43. Rec1 Ne7 44. b4 Ra7 45. R1c2 Ra3 46. R4c3 Ra4 47. a3 Ra7 48. Kg2 f5 49. exf5+ gxf5 50. Ra2 Rb7 51. Rc5 Kd6 52. Rd2+ Nd5 53. Ra5 Ke6 54. Ra6 Kd7 55. Ra8 e4 56. Rh8 Ke6 57. Rxh5 Ra7 58. Rh6+ Ke5 59. Rxc6 e3 60. fxe3 Nxe3+ 61. Kf3 1-0


[Site "https://www.chess.com"]

[Event "Titled Tuesday Blitz May 25 2021"]
[White "Tomb, Maroun"]
[Black "Harutjunyan, Gevorg"]
[WhiteFideId "5300398"]
[BlackFideId "13300873"]
[WhiteElo "2508"]
[BlackElo "2498"]
[Result "0-1"]
[Round "04"]
[TimeControl "180+1"]
[Date "2021.05.25"]
[WhiteClock "0:01:24"]
[BlackClock "0:02:23"]

1. e4 c6 2. Nc3 d5 3. Nf3 dxe4 4. Nxe4 Nf6 5. Qe2 Bf5 6. Nxf6+ gxf6 7. b3 Na6 8. Bb2 Nb4 9. d3 Bh6 10. Bxf6 Nxc2+ 11. Qxc2 exf6 12. Be2 Qa5+ 13. Kf1 O-O-O 14. h3 Rhe8 15. g4 Rxe2 16. Kxe2 Bxd3+ 17. Qxd3 Rxd3 18. Kxd3 Qd5+ 0-1


[Site "https://www.chess.com"]

[Event "Titled Tuesday Blitz May 25 2021"]
[White "Trimitzios, Petros"]
[Black "Grunberg, Mihai-Lucian"]
[WhiteFideId "25808796"]
[BlackFideId "1204149"]
[WhiteElo "2049"]
[BlackElo "2364"]
[Result "0-1"]
[Round "04"]
[TimeControl "180+1"]
[Date "2021.05.25"]
[WhiteClock "0:00:01"]
[BlackClock "0:00:35"]

1. c4 Nf6 2. Nc3 d5 3. cxd5 Nxd5 4. Nf3 g6 5. h4 h5 6. e4 Nxc3 7. bxc3 Bg7 8. d4 c5 9. Be3 O-O 10. Be2 Bg4 11. O-O cxd4 12. cxd4 Nc6 13. d5 Bxf3 14. Bxf3 Ne5 15. Rb1 Nxf3+ 16. Qxf3 Qd7 17. Rfd1 b6 18. Bf4 Rac8 19. Qe2 Qa4 20. Rd2 Rc4 21. f3 Rfc8 22. Rbd1 Bc3 23. Rd3 Bf6 24. d6 exd6 25. Bxd6 Rc2 26. R1d2 Qxa2 27. e5 Bxh4 28. f4 Bg3 29. Rxg3 Rxd2 30. Qe4 Qe6 31. f5 Qd5 32. Qf4 Qd4+ 33. Qxd4 Rxd4 34. fxg6 fxg6 35. Rxg6+ Kf7 36. Rf6+ Kg7 37. Re6 a5 38. Be7 Kf7 39. Rd6 Rxd6 40. exd6 Ke6 41. Kh2 a4 42. Kh3 a3 43. d7 Kxd7 44. Bxa3 Rc3+ 45. g3 Rxa3 0-1


[Site "https://www.chess.com"]

[Event "Titled Tuesday Blitz May 25 2021"]
[White "Tronenkovs, Valdis"]
[Black "Woodward, Andy"]
[WhiteFideId "11601558"]
[BlackFideId "30953499"]
[WhiteElo "2232"]
[BlackElo "2615"]
[Result "0-1"]
[Round "04"]
[TimeControl "180+1"]
[Date "2021.05.25"]
[WhiteClock "0:00:01"]
[BlackClock "0:00:08"]

1. e4 c5 2. Ne2 d6 3. g3 Nf6 4. Bg2 Nc6 5. c3 g6 6. d4 cxd4 7. cxd4 Bg7 8. Nbc3 O-O 9. O-O Bd7 10. h3 h5 11. Be3 Qc8 12. Kh2 a6 13. Rc1 h4 14. g4 Bxg4 15. hxg4 Nxg4+ 16. Kg1 h3 17. Bxh3 Nxe3 18. Bxc8 Nxd1 19. Bxb7 Nxc3 20. bxc3 Na5 21. Bxa8 Rxa8 22. Rb1 Nc4 23. Rfd1 Rc8 24. Rb7 Bf6 25. f4 e5 26. Ra7 a5 27. Rb1 exf4 28. Nxf4 Nd2 29. Rbb7 Rxc3 30. e5 dxe5 31. Nd5 Rg3+ 32. Kf2 Ne4+ 33. Ke2 exd4 34. Nxf6+ Nxf6 35. Rxf7 Re3+ 36. Kd1 Ne4 37. Rfd7 Nc3+ 38. Kc2 Re2+ 39. Kd3 Re8 40. Rxd4 Nb5 41. Rdd7 Nxa7 42. Rxa7 Re5 43. Kd4 Rh5 44. a3 Rf5 45. Ke4 Rh5 46. Kf4 a4 47. Kg4 Rd5 48. Rxa4 Kg7 49. Rb4 Kh6 50. a4 Rc5 51. Rd4 Ra5 52. Rb4 Rd5 53. Kf4 Rh5 54. Kg4 Rh1 55. Rb5 Rg1+ 56. Kf3 g5 57. a5 Kh5 58. Rb8 Ra1 59. Rh8+ Kg6 60. Ra8 Ra4 61. Ra6+ Kh5 62. Ra8 Ra3+ 63. Kf2 Kg4 64. a6 Ra2+ 65. Ke3 Kg3 66. a7 g4 67. Ke4 Ra5 68. Ke3 Kg2 69. Rg8 g3 0-1


[Site "https://www.chess.com"]

[Event "Titled Tuesday Blitz May 25 2021"]
[White "Tymrakiewicz, Rafal"]
[Black "Trent, Lawrence"]
[WhiteFideId "1108832"]
[BlackFideId "408638"]
[WhiteElo "2172"]
[BlackElo "2474"]
[Result "0-1"]
[Round "04"]
[TimeControl "180+1"]
[Date "2021.05.25"]
[WhiteClock "0:00:01"]
[BlackClock "0:00:38"]

1. e4 e5 2. Nf3 Nc6 3. Bb5 Bc5 4. c3 f5 5. d4 fxe4 6. dxc5 exf3 7. Qxf3 Nf6 8. Bg5 O-O 9. Nd2 Qe7 10. Qe3 b6 11. Ne4 Bb7 12. Bc4+ Kh8 13. O-O-O Na5 14. Bxf6 gxf6 15. Bd5 Bxd5 16. Rxd5 Qe6 17. Rhd1 Rf7 18. Qh3 Qxh3 19. gxh3 Rd8 20. b4 Nc4 21. Kc2 h6 22. Kb3 c6 23. R5d3 b5 24. Rf3 f5 25. Nd6 Nxd6 26. Rxd6 Kh7 27. Rfd3 e4 28. Rd1 f4 29. Rxc6 dxc6 30. Rxd8 e3 31. fxe3 f3 32. Rd1 Kg6 33. c4 Kf5 34. cxb5 cxb5 35. a4 a6 36. axb5 axb5 37. Kc3 f2 38. Rf1 Ke4 39. Kd2 Kf3 40. e4 Rd7+ 41. Kc2 Ke2 42. Rb1 Rd4 43. e5 Re4 0-1


[Site "https://www.chess.com"]

[Event "Titled Tuesday Blitz May 25 2021"]
[White "Vaishali, Rameshbabu"]
[Black "Grochal, Joey"]
[WhiteFideId "5091756"]
[BlackFideId "1019945"]
[WhiteElo "2313"]
[BlackElo "2265"]
[Result "0-1"]
[Round "04"]
[TimeControl "180+1"]
[Date "2021.05.25"]
[WhiteClock "0:00:03"]
[BlackClock "0:00:51"]

1. Nf3 Nf6 2. c4 e6 3. Nc3 d5 4. e3 Be7 5. b3 O-O 6. Bb2 b6 7. Qc2 Bb7 8. Be2 c5 9. cxd5 Nxd5 10. h4 Nb4 11. Qb1 Ba6 12. d4 cxd4 13. Nxd4 Bxe2 14. Kxe2 N8c6 15. Nxc6 Nxc6 16. Qe4 Rc8 17. Rh3 Bf6 18. g4 Ne7 19. Rc1 Nd5 20. Nxd5 exd5 21. Qb1 Rxc1 22. Qxc1 Re8 23. Rf3 Bxb2 24. Qxb2 d4 25. Qd2 Re4 26. Qd3 Rxg4 27. Qf5 d3+ 28. Kd2 Qc7 29. Qxd3 Rg6 30. Ke2 Rd6 31. Qc4 Qd7 32. Kf1 g6 33. Kg2 Qe7 34. h5 Re6 35. hxg6 Rxg6+ 36. Kf1 Qd7 37. Qc3 Qd1+ 0-1


[Site "https://www.chess.com"]

[Event "Titled Tuesday Blitz May 25 2021"]
[White "Vetokhin, Savva"]
[Black "Martin Carmona, Gaston Manuel"]
[WhiteFideId "44144474"]
[BlackFideId "22284567"]
[WhiteElo "2185"]
[BlackElo "2144"]
[Result "1/2-1/2"]
[Round "04"]
[TimeControl "180+1"]
[Date "2021.05.25"]
[WhiteClock "0:00:31"]
[BlackClock "0:00:13"]

1. e4 c5 2. Nf3 d6 3. d4 cxd4 4. Nxd4 Nf6 5. Nc3 g6 6. Be3 Bg7 7. f3 Nc6 8. Qd2 O-O 9. g4 Nxd4 10. Bxd4 Be6 11. h4 Qa5 12. h5 Rfc8 13. a3 Rab8 14. Bd3 Bc4 15. h6 Bh8 16. O-O-O b5 17. Bxc4 Rxc4 18. Bxf6 Bxf6 19. Nd5 Qxd2+ 20. Rxd2 Bg5 21. f4 e6 22. fxg5 exd5 23. Rxd5 Rxe4 24. Rxd6 Rxg4 25. Rhd1 Kf8 26. Rd7 Rxg5 27. Rf1 Rf5 28. Rxf5 gxf5 29. Rd5 f4 30. Rf5 Rb6 31. Kd2 a6 32. Rxf4 Rxh6 33. a4 Rh5 34. axb5 axb5 35. b3 Ke7 36. c4 bxc4 37. bxc4 Ke6 38. Ke3 f5 39. Kd4 Rh1 40. c5 Rd1+ 41. Kc4 Ke5 42. Rh4 f4 43. Rxh7 f3 44. Rf7 Ke4 45. c6 Rc1+ 46. Kb5 Ke3 47. c7 f2 48. Rxf2 Kxf2 49. Kb6 Ke3 50. Kb7 Kd4 51. c8=Q Rxc8 52. Kxc8 1/2-1/2


[Site "https://www.chess.com"]

[Event "Titled Tuesday Blitz May 25 2021"]
[White "Vovk, Orest"]
[Black "Savitski, Andrei"]
[WhiteFideId "14113490"]
[BlackFideId "13506161"]
[WhiteElo "2203"]
[BlackElo "2121"]
[Result "1-0"]
[Round "04"]
[TimeControl "180+1"]
[Date "2021.05.25"]
[WhiteClock "0:00:18"]
[BlackClock "0:00:03"]

1. h3 d5 2. e4 dxe4 3. Nc3 Nf6 4. Qe2 Nc6 5. Nxe4 Nd4 6. Nxf6+ gxf6 7. Qd1 Bf5 8. d3 h5 9. Be3 e5 10. c3 Nc6 11. Qb3 Qd7 12. O-O-O Be6 13. Qxb7 Rb8 14. Qa6 Bh6 15. g4 Rb6 16. Qa4 hxg4 17. Bg2 Bxe3+ 18. fxe3 gxh3 19. d4 Bg4 20. Bf3 Bxf3 21. Nxf3 e4 22. Nd2 f5 23. Nc4 Rb7 24. Qa6 Nd8 25. Qf6 Rg8 26. Rxh3 Qe6 27. Qxe6+ Nxe6 28. d5 Nc5 29. d6 Nd3+ 30. Kc2 cxd6 31. Nxd6+ Ke7 32. Nxb7 Rg2+ 33. Rd2 Rg6 34. b4 Ra6 35. Kb3 Rg6 36. Nc5 Ne5 37. Rh5 Nf3 38. Rd7+ Ke8 1-0


[Site "https://www.chess.com"]

[Event "Titled Tuesday Blitz May 25 2021"]
[White "Weetik, Vjacheslav"]
[Black "Zubov, Alexander"]
[WhiteFideId "4153472"]
[BlackFideId "14109409"]
[WhiteElo "2469"]
[BlackElo "2740"]
[Result "1/2-1/2"]
[Round "04"]
[TimeControl "180+1"]
[Date "2021.05.25"]
[WhiteClock "0:00:05"]
[BlackClock "0:00:19"]

1. e4 c5 2. Nf3 e6 3. d4 cxd4 4. Nxd4 a6 5. c4 Nf6 6. Nc3 Bb4 7. Qd3 Qc7 8. a3 Be7 9. Be2 Nc6 10. Nxc6 dxc6 11. Qg3 Qxg3 12. hxg3 e5 13. Be3 b5 14. Rc1 Be6 15. f3 O-O 16. Kf2 h5 17. cxb5 cxb5 18. b4 Rfc8 19. Nb1 g6 20. Nd2 Kf8 21. Bd3 Ke8 22. Ke2 Nd7 23. Rhd1 Rcb8 24. Nb1 Nb6 25. Nc3 Nc4 26. Bxc4 Bxc4+ 27. Kf2 a5 28. Nd5 Bxd5 29. Rxd5 axb4 30. axb4 Bxb4 31. Rxe5+ Kf8 32. Rb1 Bd6 33. Rexb5 Rxb5 34. Rxb5 Ra2+ 35. Kf1 Bxg3 36. Rd5 Ra1+ 37. Ke2 Ra2+ 38. Rd2 Rxd2+ 39. Kxd2 Ke7 40. Ke2 Ke6 41. Bd4 f5 42. Kd3 g5 43. Be3 g4 44. exf5+ Kxf5 45. fxg4+ Kxg4 46. Ke2 h4 47. Bc5 h3 48. gxh3+ Kxh3 1/2-1/2


[Site "https://www.chess.com"]

[Event "Titled Tuesday Blitz May 25 2021"]
[White "Wieczorek, Oskar"]
[Black "Altman, Joshua"]
[WhiteFideId "1133950"]
[BlackFideId "426210"]
[WhiteElo "2258"]
[BlackElo "1932"]
[Result "1-0"]
[Round "04"]
[TimeControl "180+1"]
[Date "2021.05.25"]
[WhiteClock "0:01:33"]
[BlackClock "0:01:41"]

1. e4 e6 2. d4 d5 3. Nd2 Nf6 4. e5 Nfd7 5. c3 c5 6. f4 Nc6 7. Ndf3 Qb6 8. a3 cxd4 9. cxd4 Be7 10. Ne2 O-O 11. Nc3 Na5 12. Bd3 Nb3 13. Rb1 Nxc1 14. Qxc1 Nb8 15. O-O Nc6 16. Qe3 Bd7 17. Kh1 f5 18. b4 a6 19. Na4 Qd8 20. Nc5 Bxc5 21. bxc5 Rb8 22. Rb6 h6 23. Rfb1 Qc7 24. Qf2 Na5 25. Qd2 Bc6 26. Qxa5 1-0


[Site "https://www.chess.com"]

[Event "Titled Tuesday Blitz May 25 2021"]
[White "Wong, Yinn Long"]
[Black "Praggnanandhaa R"]
[WhiteFideId "5707684"]
[BlackFideId "25059530"]
[WhiteElo "2016"]
[BlackElo "2555"]
[Result "0-1"]
[Round "04"]
[TimeControl "180+1"]
[Date "2021.05.25"]
[WhiteClock "0:00:06"]
[BlackClock "0:01:06"]

1. e4 c5 2. Nc3 Nc6 3. Bb5 Nd4 4. Nf3 g6 5. O-O a6 6. Bc4 Bg7 7. d3 Nc6 8. Ng5 e6 9. f4 h6 10. Nf3 Nge7 11. e5 d5 12. exd6 Nf5 13. Ne4 b6 14. c3 Nxd6 15. Nxd6+ Qxd6 16. Be3 Bb7 17. Qe2 O-O 18. Rad1 Rad8 19. Bb3 Ne7 20. d4 cxd4 21. Bxd4 Bxf3 22. Rxf3 Bxd4+ 23. Rxd4 Qc5 24. Qf2 Rxd4 25. Qxd4 Qxd4+ 26. cxd4 Rd8 27. Rd3 Nc6 28. d5 Nb4 29. Rd4 Nxd5 30. Kf2 Kf8 31. Bxd5 Rxd5 32. Rb4 Rb5 33. Rxb5 axb5 34. Ke3 Ke7 35. Kd4 Kd6 36. b4 f6 37. g4 e5+ 38. fxe5+ fxe5+ 39. Ke4 Ke6 40. h3 g5 41. Kd3 Kd5 42. Ke3 e4 43. a3 Ke5 44. Ke2 Kd4 45. Kd2 e3+ 46. Ke2 Ke4 47. Ke1 Kd3 48. Kd1 e2+ 49. Ke1 Ke3 50. a4 bxa4 51. h4 a3 0-1


[Site "https://www.chess.com"]

[Event "Titled Tuesday Blitz May 25 2021"]
[White "Xiong, Jeffery"]
[Black "Ibrahimli, Murad"]
[WhiteFideId "2047640"]
[BlackFideId "13410229"]
[WhiteElo "2724"]
[BlackElo "2109"]
[Result "1-0"]
[Round "04"]
[TimeControl "180+1"]
[Date "2021.05.25"]
[WhiteClock "0:00:09"]
[BlackClock "0:00:01"]

1. e4 c5 2. Nf3 d6 3. Bb5+ Bd7 4. c4 Nf6 5. Nc3 g6 6. d4 cxd4 7. Nxd4 Bg7 8. O-O O-O 9. h3 a6 10. Bxd7 Qxd7 11. Be3 Nc6 12. Nxc6 Qxc6 13. Qd3 Nd7 14. Nd5 Rfe8 15. Bd4 Ne5 16. Qc3 e6 17. Nb6 Qxe4 18. Nxa8 Rxa8 19. Rad1 Rc8 20. b3 g5 21. Rfe1 Qf5 22. Qg3 b5 23. c5 Rc6 24. cxd6 Rxd6 25. Bc3 Rxd1 26. Rxd1 h5 27. h4 gxh4 28. Qxh4 Ng6 29. Qd8+ Kh7 30. Bxg7 Kxg7 31. Qd3 Qg5 32. Qg3 Qf5 33. a4 h4 34. Qc3+ Kh7 35. Qf3 Nf4 36. Kh2 e5 37. Rd8 Kg7 38. axb5 axb5 39. Qa8 Qh7 40. Re8 Ne6 41. Rxe6 Qf5 42. Rc6 Qxf2 43. Qa1 Qg3+ 44. Kh1 h3 45. Qf1 Kf8 46. Rc8+ Kg7 47. Rc7 Qxb3 48. gxh3 Kf8 49. Rd7 Ke8 50. Rd3 Qc4 51. Rf3 Qe4 52. Qxb5+ Kf8 53. Qf1 f5 54. Qd3 1-0


[Site "https://www.chess.com"]

[Event "Titled Tuesday Blitz May 25 2021"]
[White "Yoo, Christopher Woojin"]
[Black "Csonka, Balazs"]
[WhiteFideId "30909694"]
[BlackFideId "742910"]
[WhiteElo "2009"]
[BlackElo "2404"]
[Result "1-0"]
[Round "04"]
[TimeControl "180+1"]
[Date "2021.05.25"]
[WhiteClock "0:00:04"]
[BlackClock "0:00:02"]

1. e4 e5 2. Nf3 Nc6 3. Bc4 d6 4. h3 Be7 5. d4 Nf6 6. Nc3 O-O 7. O-O exd4 8. Nxd4 Ne5 9. Be2 c5 10. Nf3 Be6 11. Bf4 Nfd7 12. Nd5 Nxf3+ 13. Bxf3 Ne5 14. Be2 Qd7 15. Bh2 Kh8 16. f4 Bxd5 17. Qxd5 Nc6 18. c3 Rae8 19. Rad1 Qc7 20. Bf3 Qb6 21. Rd2 Rd8 22. Kh1 Bf6 23. Rfd1 Ne7 24. Qc4 d5 25. exd5 Nf5 26. Qd3 Nd6 27. c4 Rfe8 28. b3 Qb4 29. Bg1 b6 30. Bf2 g6 31. Re2 Kg8 32. Rde1 Kf8 33. Rxe8+ Rxe8 34. Rxe8+ Kxe8 35. Qe2+ Kd8 36. Be1 Qa3 37. Qc2 Qb2 38. Qxb2 Bxb2 39. g4 Ke7 40. Kg2 Bd4 41. Be2 f5 42. Bd3 Kf6 43. Bh4+ Kf7 44. Bd8 Bf6 45. Bc7 Be7 46. Kf3 fxg4+ 47. hxg4 Ke8 48. Bb8 a6 49. Bc7 Nc8 50. f5 g5 51. Be5 Bd6 52. Bf6 Be7 53. Be5 Bd6 54. Bc3 Kf7 55. f6 Bf4 56. Bxh7 Nd6 57. Bf5 Nxf5 58. gxf5 Bc1 59. Kg4 Bf4 60. a4 Bc1 61. Be5 b5 62. axb5 axb5 63. cxb5 1-0


[Site "https://www.chess.com"]

[Event "Titled Tuesday Blitz May 25 2021"]
[White "Yuan, Qingyu"]
[Black "Sadhwani, Raunak"]
[WhiteFideId "8609772"]
[BlackFideId "35093487"]
[WhiteElo "2359"]
[BlackElo "2514"]
[Result "0-1"]
[Round "04"]
[TimeControl "180+1"]
[Date "2021.05.25"]
[WhiteClock "0:00:16"]
[BlackClock "0:00:35"]

1. e4 c5 2. Nf3 Nf6 3. e5 Nd5 4. Nc3 e6 5. Nxd5 exd5 6. d4 Nc6 7. dxc5 Bxc5 8. Qxd5 d6 9. exd6 Qb6 10. Bc4 Bxf2+ 11. Ke2 O-O 12. Rd1 Be6 13. Qb5 Bc5 14. b3 Bxc4+ 15. bxc4 Rad8 16. Bf4 Rfe8+ 17. Kf1 Re4 18. Bg3 Na5 19. Re1 f5 20. Ng5 Nxc4 21. Qxb6 Nd2# 0-1


[Site "https://www.chess.com"]

[Event "Titled Tuesday Blitz May 25 2021"]
[White "Zarubitski, Viachaslau"]
[Black "Benkovic, Petar"]
[WhiteFideId "13509373"]
[BlackFideId "922641"]
[WhiteElo "2363"]
[BlackElo "2416"]
[Result "1-0"]
[Round "04"]
[TimeControl "180+1"]
[Date "2021.05.25"]
[WhiteClock "0:00:10"]
[BlackClock "0:00:01"]

1. e4 c5 2. Nf3 e6 3. d4 cxd4 4. Nxd4 a6 5. c4 Nf6 6. Nc3 d6 7. Be3 b6 8. Rc1 Bb7 9. f3 Be7 10. Be2 O-O 11. O-O Nbd7 12. Qe1 Rc8 13. Qf2 Qc7 14. b4 Qb8 15. a3 Rfe8 16. g4 Ne5 17. g5 Nfd7 18. Na4 Bd8 19. f4 Ng6 20. f5 exf5 21. exf5 Nge5 22. f6 Bxf6 23. gxf6 Nxf6 24. Nc3 Qc7 25. Nd5 Bxd5 26. cxd5 Qe7 27. Nf5 Qd7 28. Nxg7 Neg4 29. Nxe8 Rxe8 30. Bxg4 Nxg4 31. Qf5 Qxf5 32. Rxf5 Nxe3 33. Re1 Kf8 34. Rf6 Re5 35. Rxd6 Rg5+ 36. Kf2 Nxd5 37. h4 Rf5+ 38. Kg3 h5 39. Re4 a5 40. Rd4 Nc3 41. Kg2 axb4 42. axb4 1-0


[Site "https://www.chess.com"]

[Event "Titled Tuesday Blitz May 25 2021"]
[White "elcandado"]
[Black "Przybylski, Wojciech"]
[BlackFideId "1117599"]
[WhiteElo "2642"]
[BlackElo "2317"]
[Result "1-0"]
[Round "04"]
[TimeControl "180+1"]
[Date "2021.05.25"]
[WhiteClock "0:01:51"]
[BlackClock "0:01:14"]

1. d4 Nf6 2. Bf4 d5 3. e3 Bf5 4. c4 e6 5. Nc3 c6 6. Qb3 Qc8 7. Rc1 Nbd7 8. cxd5 Nxd5 9. Bg3 Nxc3 10. Rxc3 a5 11. a3 a4 12. Qd1 Be7 13. Bd3 Bxd3 14. Qxd3 O-O 15. Nf3 Ra5 16. O-O Rd8 17. Qc2 Nf6 18. Rc4 Qa8 19. Bc7 b5 20. Bxd8 Qxd8 21. Rxc6 g6 22. Rc8 1-0


[Site "https://www.chess.com"]

[Event "Titled Tuesday Blitz May 25 2021"]
[White "Akbas, Umut Ata"]
[Black "Diaz Camallonga, Carles"]
[WhiteFideId "44572646"]
[BlackFideId "22235256"]
[WhiteElo "2569"]
[BlackElo "2756"]
[Result "1/2-1/2"]
[Round "05"]
[TimeControl "180+1"]
[Date "2021.05.25"]
[WhiteClock "0:00:34"]
[BlackClock "0:00:35"]

1. d4 e6 2. Nf3 Nf6 3. c4 d5 4. Nc3 Be7 5. Bg5 h6 6. Bxf6 Bxf6 7. e3 O-O 8. Rc1 c6 9. Be2 Nd7 10. O-O dxc4 11. Bxc4 e5 12. Bb3 exd4 13. exd4 Nb6 14. Ne5 Nd5 15. Nxd5 cxd5 16. Re1 Be6 17. Qf3 Qd6 18. h3 Rac8 19. Rc3 Rxc3 20. Qxc3 Rc8 21. Qa5 a6 22. Nf3 Bd8 23. Qd2 Bb6 24. Qd3 Ba5 25. Rd1 Qf4 26. Qe3 Qc7 27. Ne5 Bb6 28. Qf3 Bxd4 29. Nd3 Rd8 30. Nf4 Bxb2 31. Nxe6 fxe6 32. Re1 Qb6 33. Qg4 Re8 34. Bxd5 Bd4 35. Rxe6 Rxe6 36. Bxe6+ Kh8 37. Bb3 Bxf2+ 38. Kf1 Qc5 39. Qe6 Kh7 40. Qe4+ g6 41. Qxb7+ Kh8 42. Qb8+ Kg7 43. Qb7+ Kf6 44. Qxa6+ Kg5 45. Qc4 Qxc4+ 46. Bxc4 Bb6 47. a4 Kf6 48. Bd5 g5 49. Bf3 Ke5 50. Ke2 Kd4 51. Bc6 Bc7 52. Kf3 Ke5 53. Kg4 Kf6 54. Kf3 Ke5 55. Be8 Ba5 56. Ke2 Kd4 57. Bb5 Bc7 58. Kd1 Ba5 59. Kc2 Bb4 60. Kb3 Ba5 61. Bd7 Bc3 62. Bg4 Ba5 63. Bf3 Bc3 64. Kc2 Ba5 65. Kd1 Bb4 66. Ke2 Ba5 67. Bc6 Kc5 68. Bb5 Kd4 69. Kf3 Ke5 70. Ke3 Kd5 71. Be8 Bb6+ 72. Kd3 Ba5 73. Bf7+ Kc5 74. Ke4 Kd6 75. Kf5 Ke7 76. Kg6 Bd2 77. Bd5 g4 78. h4 g3 79. Be4 Kd6 80. a5 Kc5 81. a6 Kb6 82. Bb7 Ka7 83. Kf5 Bb4 84. Kg4 Bd6 85. h5 Be5 86. Kf5 Bc3 87. Kg6 Bd2 88. Bf3 Bg5 89. Be2 Kb6 90. Kf5 Ka7 91. Ke4 Kb6 92. Kd5 Ka7 93. Kc6 Bf4 94. Bd3 Bg5 95. Kb5 Bh4 96. Be4 Bg5 97. Bc6 Bf4 98. Bb7 Bg5 99. Kc6 Bh4 100. Kd5 Bg5 101. Ke4 Bf6 102. Kf4 Bg5+ 103. Kf5 Kb6 104. Kg4 Ka7 105. Kxg3 Kb6 106. Kg4 Ka7 107. Kf5 Kb6 108. g4 Ka7 109. Ke4 Kb6 110. Kd5 Ka7 111. Kc5 Bf4 112. Kb5 Bg5 113. Kc6 Bf4 114. Kd5 Bg5 115. Ke4 Kb6 116. Bc8 Ka7 117. Kf5 Kb6 118. Be6 Ka7 119. Bc4 Kb6 120. Ke6 Ka7 121. Kd7 Bf4 122. Kc6 Bg5 123. Be6 Bf4 124. Bc8 Bg5 125. Kd6 Bf4+ 126. Kc5 Bg5 1/2-1/2


[Site "https://www.chess.com"]

[Event "Titled Tuesday Blitz May 25 2021"]
[White "Andreikin, Dmitry"]
[Black "Rasulov, Vugar"]
[WhiteFideId "4158814"]
[BlackFideId "13402390"]
[WhiteElo "2782"]
[BlackElo "2553"]
[Result "1-0"]
[Round "05"]
[TimeControl "180+1"]
[Date "2021.05.25"]
[WhiteClock "0:01:09"]
[BlackClock "0:01:01"]

1. e4 c5 2. Nf3 d6 3. d4 cxd4 4. Nxd4 Nf6 5. Bd3 g6 6. O-O Bg7 7. c4 O-O 8. Nc3 Nc6 9. Nxc6 bxc6 10. h3 Rb8 11. Rb1 Qa5 12. Bd2 Qh5 13. Qxh5 Nxh5 14. Be3 a5 15. c5 Be6 16. Rfc1 Rb4 17. b3 Rfb8 18. Na4 d5 19. exd5 Bxd5 20. Nb6 Be6 21. Bc4 Bxc4 22. Nxc4 a4 23. Na5 Rc8 24. bxa4 Rxa4 25. Nxc6 Bf6 26. Rb8 Ra8 27. Rxc8+ Rxc8 28. Na7 Ra8 29. c6 1-0


[Site "https://www.chess.com"]

[Event "Titled Tuesday Blitz May 25 2021"]
[White "Aravindh, Chithambaram VR."]
[Black "Iskusnyh, Sergei"]
[WhiteFideId "5072786"]
[BlackFideId "4120027"]
[WhiteElo "2872"]
[BlackElo "2616"]
[Result "0-1"]
[Round "05"]
[TimeControl "180+1"]
[Date "2021.05.25"]
[WhiteClock "0:00:09"]
[BlackClock "0:00:13"]

1. Nf3 d5 2. b3 Bf5 3. Bb2 e6 4. g3 Nf6 5. Bg2 Be7 6. O-O h6 7. d3 O-O 8. Nbd2 c6 9. Ne5 Nfd7 10. e4 Bh7 11. Nef3 a5 12. a4 Na6 13. h4 Nb4 14. e5 c5 15. Re1 Rc8 16. Ba3 Nb8 17. Rc1 N8c6 18. Qe2 Nd4 19. Nxd4 cxd4 20. Nf3 Nxd3 21. cxd3 Bxa3 22. Rxc8 Qxc8 23. Nxd4 Bb4 24. Rd1 Qc3 25. Qg4 Bc5 26. Ne2 Qxb3 27. Nf4 Bf5 28. Qf3 Qxa4 29. g4 Bh7 30. g5 hxg5 31. hxg5 Bf5 32. Bh3 Bxh3 33. Nxh3 Qd4 34. Qg3 g6 35. Kg2 a4 36. Rh1 a3 37. Ng1 Ra8 38. Qh3 Qxf2# 0-1


[Site "https://www.chess.com"]

[Event "Titled Tuesday Blitz May 25 2021"]
[White "Barp, Alberto"]
[Black "Drygalov, Sergey"]
[WhiteFideId "872555"]
[BlackFideId "24171743"]
[WhiteElo "2589"]
[BlackElo "2846"]
[Result "0-1"]
[Round "05"]
[TimeControl "180+1"]
[Date "2021.05.25"]
[WhiteClock "0:00:03"]
[BlackClock "0:00:04"]

1. d4 Nf6 2. c4 e6 3. Nf3 d5 4. g3 dxc4 5. Bg2 Nc6 6. Qa4 Bb4+ 7. Bd2 Nd5 8. Bxb4 Nxb4 9. O-O Rb8 10. Na3 O-O 11. Qb5 b6 12. Qxc4 Ba6 13. Nb5 Qd5 14. Qxd5 exd5 15. Nc3 Rfe8 16. Rac1 Ne7 17. Rfd1 Nbc6 18. e3 Rbd8 19. Ne1 Na5 20. Nd3 Bxd3 21. Rxd3 c6 22. Rd2 Nc4 23. Rdc2 Nd6 24. Ne2 a5 25. Nf4 g5 26. Nd3 f6 27. b3 Kg7 28. Nb2 Rb8 29. Na4 h5 30. h3 g4 31. h4 b5 32. Nc5 Kf7 33. Bf1 Rb6 34. Nd3 Ne4 35. Nf4 Rh8 36. Bd3 Nd6 37. Kf1 f5 38. Ke1 Kf6 39. Bf1 Nf7 40. Nd3 Ra8 41. Nc5 Ra7 42. Nd3 Ra8 43. Nf4 Rh8 44. Ra1 Nd6 45. Bg2 Nf7 46. Rac1 Nd6 47. Rb1 Nf7 48. Rcc1 Nd6 49. Bf1 Nf7 50. Nd3 Ra8 51. Nc5 Ra7 52. a4 b4 53. Nd3 Nd6 54. Nf4 Ne4 55. Nxh5+ Kf7 56. Nf4 Nc3 57. Rb2 Nc8 58. Ne2 Ne4 59. Bg2 Ncd6 60. Rbc2 Rc7 61. Nf4 Nc3 62. Ne2 Nce4 63. Nf4 Nc3 64. Nd3 Ke6 65. Ne5 Nde4 66. Nd3 Kd6 67. Nf4 c5 68. Bxe4 fxe4 69. Ne2 cxd4 70. exd4 Rbc6 71. Nxc3 bxc3 72. Ke2 Ke6 73. Ke3 Kd6 74. Kf4 Rf7+ 75. Kxg4 Rf3 76. h5 Rd3 77. Kh4 Rxd4 78. Rxc3 e3+ 79. Kh3 Rxc3 80. Rxc3 e2 81. Re3 Re4 0-1


[Site "https://www.chess.com"]

[Event "Titled Tuesday Blitz May 25 2021"]
[White "Buchenau, Frank"]
[Black "Makhnev, Denis"]
[WhiteFideId "4604350"]
[BlackFideId "13707647"]
[WhiteElo "2255"]
[BlackElo "2549"]
[Result "0-1"]
[Round "05"]
[TimeControl "180+1"]
[Date "2021.05.25"]
[WhiteClock "0:00:05"]
[BlackClock "0:00:17"]

1. e4 c6 2. Nf3 d5 3. Nc3 Bg4 4. d4 Nf6 5. h3 Bxf3 6. Qxf3 dxe4 7. Qe3 Nd5 8. Qxe4 Nxc3 9. bxc3 e6 10. Bd3 Qd5 11. Qxd5 cxd5 12. Rb1 b6 13. c4 Nc6 14. cxd5 exd5 15. Bb5 Kd7 16. c4 Kc7 17. Be3 Rd8 18. Rc1 Ba3 19. O-O Bxc1 20. Rxc1 Kb7 21. cxd5 Nb4 22. Bf4 Rxd5 23. Rc7+ Ka8 24. Be2 g5 25. Bg3 f5 26. Bf3 f4 27. Rd7 fxg3 28. a3 Kb8 29. axb4 Rxd7 0-1


[Site "https://www.chess.com"]